 Dungeon Crawl Stone Soup version 0.21.1-1-g345015fe64 (webtiles) character file.

1941 Hercules1031 the Fighter (level 9, -4/101 HPs)
             Began as an Ogre Berserker on June 9, 2018.
             Was an Elder of Trog.
             Slain by a two-headed ogre
             ... wielding a +0 giant club
              (20 damage)
             ... on level 7 of the Dungeon.
             The game lasted 00:53:04 (7542 turns).

Hercules1031 the Fighter (Ogre Berserker)           Turns: 7542, Time: 00:53:04

Health: -4/101     AC:  5    Str: 26    XL:     9   Next: 18%
Magic:  9/9        EV: 11    Int:  8    God:    Trog [****..]
Gold:   184        SH:  0    Dex:  8    Spells: 8/8 levels left

rFire    . . .     SeeInvis .   H - +3 battleaxe (chop)
rCold    . . .     Gourm    .   (shield currently unavailable)
rNeg     . . .     Faith    .   b - +1 animal skin
rPois    .         Spirit   .   (helmet restricted)
rElec    .         Reflect  .   Y - +0 cloak
rCorr    .         Harm     .   (gloves unavailable)
MR       +++..                  (boots unavailable)
Stlth    +.........             (no amulet)
HPRegen  1.26/turn              p - ring of protection from magic
MPRegen  0.11/turn              (no ring)

@: regenerating
A: large, unfitting armour, tough skin 1
a: Berserk, Trog's Hand, Brothers in Arms, Burn Spellbooks, Renounce Religion


You were on level 7 of the Dungeon.
You worshipped Trog.
Trog was greatly pleased with you.
You were full.

You visited 2 branches of the dungeon, and saw 8 of its levels.
You also visited: Sewer.

You collected 308 gold pieces.
You spent 124 gold pieces at shops.

Inventory:

Hand Weapons
 g - a +2 hand axe of venom
 v - a +0 blowgun
 A - a +2 flail of draining
 H - a +3 battleaxe of chopping (weapon)
 S - a +0 war axe
Missiles
 f - 55 poisoned needles (quivered)
 P - 3 silver javelins
Armour
 b - a +1 animal skin (worn)
 n - a +4 chain mail of poison resistance
 B - a +0 scale mail
 Y - a +0 cloak (worn)
Jewellery
 p - a ring of protection from magic (left hand)
Scrolls
 i - a scroll of identify
 r - a scroll of teleportation
 t - 3 scrolls of remove curse
 M - a scroll of fear
Potions
 a - a potion of berserk rage
 d - a potion of magic
 e - a potion of invisibility {unknown}
 h - a potion of mutation {unknown}
 j - 2 potions of lignification
 w - a potion of flight
 z - a potion of curing
Comestibles
 c - 4 rations


   Skills:
 + Level 10.0 Fighting
 * Level 6.7(7.2) Axes
 - Level 3.5(5.3) Maces & Flails
 + Level 5.8 Dodging


You had 8 spell levels left.
You didn't know any spells.

Dungeon Overview and Level Annotations

Branches:
Dungeon (7/15)             Temple (1/1) D:4

Altars:
Cheibriados
Dithmenos
Elyvilon
Hepliaklqana
Kikubaaqudgha
Makhleb
Nemelex Xobeh
Okawaru
Qazlal
Ru
Sif Muna
Uskayaw
Vehumet
Wu Jian
Xom
Yredelemnul
Zin
The Shining One

Shops:
D:7 *

Annotations:
D:6 exclusion: oklob plant


Innate Abilities, Weirdness & Mutations

You are too large for most types of armour.
You have tough skin. (AC +1)


Message History

The two-headed ogre hits you with a giant club!
You slice the two-headed ogre!!
The two-headed ogre is almost dead.
The gnoll closely misses you.
The two-headed ogre hits you but does no damage.
The two-headed ogre hits you with a giant club.
The gnoll hits you but does no damage.
You hit the two-headed ogre.
The two-headed ogre is almost dead.
The two-headed ogre hits you with a giant club!
The two-headed ogre hits you with a giant club!!
* * * LOW HITPOINT WARNING * * *
The gnoll closely misses you.
Okay, then.
Okay, then.
Your skin crawls.
You feel resistant to hostile enchantments.
The gnoll closely misses you.
The two-headed ogre hits you with a giant club!!
You die...

#...# #.#.##
#....# #..#.##
#..#..##
###......####
....).#......+
####...)..####
#.#.)@##
#.#.O## #...g.
##..## #.. #..
#.. #.


You could see a two-headed ogre and a gnoll.

Vanquished Creatures
  A hippogriff (D:7)
  A water moccasin (D:4)
  An ice beast (D:5)
  2 phantoms (D:4)
  4 ogres
  A big kobold (Sewer)
  2 bullfrogs (D:6)
  A crimson imp (D:6)
  A jelly (D:5)
  2 hounds
  3 orc wizards
  4 orc priests
  2 bullfrog skeletons
  A gnoll shaman (D:7)
  Terence (D:3)
  Ijyb (D:5)
  2 worker ants
  6 gnolls
  A howler monkey skeleton (D:4)
  11 adders
  3 river rats
  A shadow imp (D:2)
  2 oozes
  2 adder skeletons
  2 worms (D:2)
  3 dart slugs
  5 leopard geckos
  19 orcs
  2 ball pythons
  4 bats
  8 giant cockroaches
  3 goblins
  5 hobgoblins
  4 jackals (D:3)
  13 kobolds
  5 quokkas
  8 frilled lizards
  A quokka zombie (D:5)
  11 rats
  7 plants (D:7)
156 creatures vanquished.

Notes
Turn   | Place    | Note
-------+----------+-------------------------------------------
     0 | D:1      | Hercules1031 the Ogre Berserker began the quest for the Orb.
     0 | D:1      | Reached XP level 1. HP: 24/24 MP: 1/1
   285 | D:1      | Reached XP level 2. HP: 31/32 MP: 2/2
   444 | D:1      | Reached XP level 3. HP: 32/40 MP: 3/3
   951 | D:2      | Reached skill level 5 in Fighting
   951 | D:2      | Reached skill level 1 in Axes
   973 | D:2      | Reached ** piety under Trog
   973 | D:2      | Reached XP level 4. HP: 23/50 MP: 4/4
  2254 | D:3      | Found a hazy altar of Hepliaklqana.
  2257 | D:3      | Found a shimmering altar of Xom.
  2258 | D:3      | Noticed a spectral ugly thing
  2288 | D:3      | Reached XP level 5. HP: 59/59 MP: 5/5
  2401 | D:3      | Reached skill level 6 in Fighting
  2430 | D:3      | Found a glowing drain.
  2434 | Sewer    | Entered a sewer
  2492 | Sewer    | Noticed a big kobold
  2503 | Sewer    | Killed a big kobold
  2503 | Sewer    | Reached *** piety under Trog
  2503 | Sewer    | Reached XP level 6. HP: 53/68 MP: 6/6
  2569 | Sewer    | Found a white marble altar of Elyvilon.
  2786 | D:3      | Found a stormy altar of Qazlal.
  2942 | D:3      | Noticed Terence
  2953 | D:3      | Killed Terence
  3089 | D:3      | Found a burning altar of Makhleb.
  3143 | D:4      | Reached skill level 7 in Fighting
  3532 | D:4      | Reached XP level 7. HP: 52/78 MP: 7/7
  3586 | D:4      | Found an ancient bone altar of Kikubaaqudgha.
  4165 | D:4      | Reached skill level 8 in Fighting
  4199 | D:4      | Found a staircase to the Ecumenical Temple.
  4215 | Temple   | Entered the Ecumenical Temple
  4631 | D:4      | Reached XP level 8. HP: 45/89 MP: 8/8
  5013 | D:5      | Entered Level 5 of the Dungeon
  5160 | D:5      | Noticed Ijyb
  5168 | D:5      | Killed Ijyb
  5168 | D:5      | Reached **** piety under Trog
  5273 | D:5      | Found a stormy altar of Qazlal.
  5307 | D:5      | Reached skill level 9 in Fighting
  5714 | D:6      | Received a gift from Trog
  5720 | D:6      | Reached skill level 5 in Dodging
  5727 | D:6      | Reached skill level 5 in Axes
  6242 | D:6      | Found a glowing silver altar of Zin.
  6292 | D:6      | Found a hazy altar of Hepliaklqana.
  6292 | D:6      | Noticed an oklob plant
  7009 | D:7      | Found a shadowy altar of Dithmenos.
  7060 | D:7      | Reached XP level 9. HP: 77/101 MP: 9/9
  7074 | D:7      | Reached skill level 10 in Fighting
  7437 | D:7      | Found Ucseente's Assorted Antiques.
  7445 | D:7      | Bought a scroll of identify for 66 gold pieces
  7445 | D:7      | Bought a viscous purple potion for 29 gold pieces
  7445 | D:7      | Bought a fuming cyan potion for 29 gold pieces
  7533 | D:7      | Noticed a two-headed ogre
  7542 | D:7      | Slain by a two-headed ogre

Skill      XL: |  1  2  3  4  5  6  7  8  9 |
---------------+----------------------------+-----
Dodging        | 3 4 5 |  5.8
Fighting       | 5 6 7 8 9 10 | 10.0
Axes           | 1 2 4 6 |  6.7
Maces & Flails | 3 |  3.5

Action                   |  1- 3 |  4- 6 |  7- 9 || total
-------------------------+-------+-------+-------++-------
Melee: Whip              |    10 |       |       ||    10
       Mace              |     7 |       |       ||     7
       Hand axe          |    50 |   105 |       ||   155
       Flail             |       |    30 |     9 ||    39
       Battleaxe         |       |       |   190 ||   190
Invok: Berserk           |       |     1 |     2 ||     3
       Trog's Hand       |       |       |     2 ||     2
  Use: Scroll            |       |     4 |     9 ||    13
       Potion            |       |     1 |    15 ||    16
  Eat: Ration            |     1 |     3 |     5 ||     9
Armor: Animal skin       |    23 |    52 |    65 ||   140
Dodge: Dodged            |    54 |    98 |   159 ||   311
